 Dungeon Crawl Stone Soup version 0.20-a0-1116-gaa52201 (webtiles) character file.

831871 cortexin the Imperceptible (level 27, -4/172 HPs)
             Began as a Vine Stalker Gladiator on May 6, 2017.
             Was an Initiate of Gozag.
             Killed from afar by a gelid black sun (22 damage)
             ... with a bolt of negative energy
             ... while paralysed
             ... in Pandemonium on May 7, 2017.
             The game lasted 03:52:29 (83376 turns).

cortexin the Imperceptible (VSGl)                  Turns: 83376, Time: 03:52:30

Health: -4/172     AC: 33    Str: 21      XL:     27
Magic:  0/30       EV:  2    Int:  0 (8)  God:    Gozag
Gold:   6821       SH:  0    Dex: 31      Spells: 26/26 levels left

rFire    + . .     SeeInvis +   O - +9 demon whip (pain)
rCold    + + .     Gourm    .   G - +2 shield of Resistance {rF+ rC+ MR+}
rNeg     . . .     Faith    .   S - +2 chain mail of Absence {Slay+2}
rPois    +         Spirit   +   (no helmet)
rElec    +         Reflect  .   h - +2 cloak of the Thief {+Fog Slay-2 SInv Stlth+}
rCorr    .         Harm     .   i - +2 pair of gloves {Dex+3}
MR       ++++.                  j - +2 pair of boots of the Assassin {Detection Stab+ Stlth++}
Stlth    ++++++++++             U - amulet of Fiucany {rElec rPois Regen+ Slay+6}
Regen    1.6/turn               W - ring of Robustness {AC+8}
MPRegen  0.3/turn               Y - +4 ring of slaying

@: paralysed, agile, weakened, slowed, lost intelligence, heavily drained
A: fangs 3, blurry vision 2, clumsy 1, cold resistance 1, regeneration 2,
screaming 2, magic shield, antimagic bite, no potion heal 3, rot immunity,
MP-powered wands
}: 6/15 runes: serpentine, barnacled, silver, golden, abyssal, glowing
a: Potion Petition, Call Merchant, Bribe Branch, Renounce Religion, Evoke Fog


You were in Pandemonium.
You worshipped Gozag.
Gozag was greatly pleased with you.
You were not hungry.

You visited 11 branches of the dungeon, and saw 55 of its levels.
You visited Pandemonium 1 time, and saw 33 of its levels.
You visited the Abyss 2 times.
You visited 1 bazaar.
You also visited: Labyrinth, Sewer, Ice Cave and Volcano.

You collected 42442 gold pieces.
You spent 6458 gold pieces at shops.
You paid 29163 gold pieces to Gozag.

Inventory:

Hand Weapons
 q - a +4 trishula of holy wrath
 M - the +11 plutonium sword {*Contam Stlth-}
   (You took it off a deep elf death mage on level 3 of the Elven Halls)

   It causes magical contamination when unequipped.
   It makes you less stealthy.
 O - a +9 demon whip of pain (weapon)
 Z - the cursed +13 scythe of Curses {drain, *Curse}
   (You found it on level 3 of the Tomb of the Ancients)

   A truly terrible weapon, it drains the life of those it strikes.
   It curses itself when equipped.
   It has a curse placed upon it.
Armour
 h - the +2 cloak of the Thief (worn) {+Fog Slay-2 SInv Stlth+}
   (You bought it in a shop on level 3 of the Shoals)

   It affects your accuracy and damage with ranged weapons and melee attacks
   (-2).
   It lets you see invisible.
   It makes you more stealthy.
 i - a +2 pair of gloves of dexterity (worn)
 j - the +2 pair of boots of the Assassin (worn) {Detection Stab+ Stlth++}
   (You acquired it on level 1 of the Shoals)

   It makes you much more stealthy.
 D - the +10 large shield of Ignorance {rN+ Int-4}
   (You found it on level 1 of the Crypt)

   It affects your intelligence (-4).
   It protects you from negative energy.
 G - the +2 shield of Resistance (worn) {rF+ rC+ MR+}
   (You bought it in a shop on level 2 of the Orcish Mines)

   It protects you from fire.
   It protects you from cold.
   It affects your resistance to hostile enchantments.
 S - the +2 chain mail of Absence (worn) {Slay+2}
   (You bought it in a shop on level 3 of the Depths)

   It affects your accuracy and damage with ranged weapons and melee attacks
   (+2).
 T - the +1 hat "Builim" {rN++ rCorr Int-5}
   (You bought it in a shop on level 5 of the Vaults)

   It affects your intelligence (-5).
   It greatly protects you from negative energy.
   It protects you from acid and corrosion.
Jewellery
 v - a +4 ring of protection
 F - the ring of Zeowoo {rF+ rN+ MR+ Int+3 SInv}
   (You found it on level 3 of the Crypt)

   [ring of positive energy]

   It affects your intelligence (+3).
   It protects you from fire.
   It protects you from negative energy.
   It affects your resistance to hostile enchantments.
   It lets you see invisible.
 U - the amulet of Fiucany (around neck) {rElec rPois Regen+ Slay+6}
   (You found it on level 3 of the Crypt)

   [amulet of regeneration]

   It affects your accuracy and damage with ranged weapons and melee attacks
   (+6).
   It insulates you from electricity.
   It protects you from poison.
   It increases your rate of regeneration.
 W - the ring of Robustness (left hand) {AC+8}
   (You bought it in a shop on level 3 of the Depths)

   [ring of protection]

   It affects your AC (+8).
 Y - a +4 ring of slaying (right hand)
Wands
 c - a wand of digging (14/24)
 w - a wand of disintegration (11/24)
 J - a wand of digging (7/24)
Scrolls
 b - 2 scrolls of enchant weapon
 k - 21 scrolls of remove curse
 n - 5 scrolls of teleportation
 o - 18 scrolls of identify
 p - 10 scrolls of magic mapping
 t - 5 scrolls of silence
 u - 7 scrolls of fear
 x - 11 scrolls of recharging
 H - 2 scrolls of blinking
Potions
 d - 6 potions of resistance
 e - a potion of haste
 f - a potion of mutation
 l - 29 potions of curing
 m - 10 potions of flight
 A - 2 potions of invisibility
 C - 5 potions of might
 N - 8 potions of agility
 X - 3 potions of cancellation
Miscellaneous
 L - a figurine of a ziggurat
 R - a lightning rod (2/4)
Comestibles
 g - 63 fruits
 s - 18 meat rations
 z - 28 royal jellies


   Skills:
 + Level 26.5(23.9) Fighting
 - Level 2.4(0.9) Long Blades
 - Level 22.5(20.2) Maces & Flails
   Level 3.7(13.7) Staves
 - Level 2.1(0.6) Throwing
 + Level 16.1(14.0) Armour
 + Level 16.9(14.8) Dodging
 + Level 26.6(24.0) Stealth
 - Level 15.8(13.7) Shields
 - Level 8.2(6.5) Evocations


You had 26 spell levels left.
You didn't know any spells.

Dungeon Overview and Level Annotations

Branches:
Dungeon (15/15)            Temple (0/1) D:6            Lair (6/6) D:10
 Shoals (4/4) Lair:4        Snake (4/4) Lair:4        Slime (5/5) Lair:5
    Orc (2/2) D:9             Elf (3/3) Orc:2        Vaults (5/5) D:13
  Crypt (3/3) Vaults:3       Tomb (3/3) Crypt:3      Depths (5/5) D:15
    Zot (0/5) Depths:5

Altars:
Elyvilon
Fedhas
Gozag
Hepliaklqana
Kikubaaqudgha
Makhleb
Nemelex Xobeh
Okawaru
Ru
Sif Muna
Uskayaw
Vehumet
Wu Jian
Xom
Jiyva

Shops:
D:6 **[*   D:7 *   D:9 }((   D:10 *   Orc:2 !![[   Elf:1 =   Elf:3 ?(=
Shoals:3 [=   Snake:4 (   Vaults:1 ?   Vaults:4 =   Vaults:5 [   Tomb:2 **(
Depths:1 *   Depths:3 *=([*=

Portals:
Hell: Depths:1 Depths:2 Depths:3 Depths:4 Depths:5
Abyss: Depths:2 Depths:3 Depths:4
Pandemonium: Depths:3
Ziggurat: Depths:3

Annotations:
Lair:6 exclusion: oklob plant
Slime:5 Royal Jelly
Elf:2 3 runed doors
Tomb:2 Mara


Innate Abilities, Weirdness & Mutations

You have razor-sharp teeth.
You heal very quickly.
When hurt, damage is shared between your health and your magic reserves.
Your bite disrupts and absorbs the magic of your enemies.
Potions cannot restore your health.
You are immune to rotting.
Scrolls take you longer to read.
You are clumsy. (Dex -2)
Your flesh is cold resistant. (rC+)
You sometimes yell uncontrollably at your foes.
You expend magic power (3 MP) to strengthen your wands.


Message History

The cacodemon hits you but does no damage.
The gelid black sun mumbles some strange prayers to Kikubaaqudgha against you.
The bolt of negative energy hits the lorocyproca.
The lorocyproca completely resists.
The bolt of negative energy hits you!
You feel drained.
* * * LOW HITPOINT WARNING * * *
The lorocyproca hits you!!
* * * LOW HITPOINT WARNING * * *
You feel your power leaking away.
You feel your attacks grow feeble.
The lorocyproca is no longer absorbing vital energies.
The sun demon is no longer distracted by gold.
The cacodemon hits you!
* * * LOW HITPOINT WARNING * * *
The cacodemon hits you but does no damage.
The gelid black sun calls down the wrath of Kikubaaqudgha upon you.
The bolt of negative energy misses the lorocyproca.
Helpless, you fail to dodge the bolt of negative energy.
You feel drained.
You die...
Your body crumbles into a pile of gold.

############## ##
#.............# .#
#.....######...## .#
#...............## #.#
##...########.#..?#.#.#####.
.....'.'..'....#.$$.........
.....###..#.....@26.........
.......####....#2#..........
###.......######..#.........
#.#####........#....######
#.# #...#######...# #.#
#...# #.4# #.# #...# #43#
#.# #...# #33# #.# #...#
#..# #


You could see a cacodemon, a lorocyproca (invisible), a gelid black sun, an
orange demon (unaware) and 2 neqoxecs.

Vanquished Creatures
  Mnoleg (Pan)
  Mennas (Pan)
  4 ancient liches
  2 juggernauts
  6 greater mummies
  Frederick (Crypt:1)
  2 golden dragons (Depths:4)
  A golden dragon (shapeshifter) (D:15)
  5 pandemonium lords (Pan)
  2 Brimstone Fiends (Pan)
  3 bone dragons
  A Tzitzimitl (Pan)
  9 tentacled monstrosities
  Jorgrun (Vaults:3)
  5 Ice Fiends (Pan)
  4 hellephants
  12 liches
  2 Hell Sentinels (Pan)
  5 quicksilver dragons
  The ghost of dricus the Phalangite, an adept MfBe of Trog (Shoals:4)
  Asterion (Elf:2)
  A deep elf master archer (Elf:3)
  11 titans
  2 deep elf blademasters
  Frances (Elf:1)
  12 acid blobs
  4 ancient champions
  5 Executioners (Pan)
  15 tentacled starspawn
  Polyphemus (Shoals:4)
  An eldritch tentacle (Abyss:5)
  11 sphinxes
  6 storm dragons
  3 shadow dragons
  A thorn hunter (Abyss:5)
  Roxanne (Shoals:1)
  8 tengu reavers
  Ilsuiw (Shoals:4)
  7 azure jellies
  5 revenants
  10 nagarajas
  8 fire giants
  9 frost giants
  8 corrupters (Pan)
  19 vault wardens
  An orc warlord (D:9)
  Louise (Elf:2)
  14 balrugs
  2 deep elf sorcerers
  9 black suns (Pan)
  An angel (Abyss:1)
  Aizul (Elf:2)
  2 curse skulls (Crypt:3)
  4 warmongers (Pan)
  20 cacodemons
  2 spriggan defenders
  2 draconian stormcallers (Depths:5)
  4 deep elf elementalists
  18 ironheart preservers
  5 ghouls (Crypt:2)
  8 blood saints (Pan)
  6 reapers
  3 ophanim
  10 vampire knights
  An entropy weaver (Vaults:3)
  27 stone giants
  54 very ugly things
  8 war gargoyles
  5 bennus
  A black draconian (Depths:5)
  11 deep elf demonologists
  8 lorocyprocas
  3 yellow draconians
  13 deep elf annihilators
  6 spark wasps
  3 eidola
  2 white draconians (Depths:5)
  2 purple draconians (Depths:5)
  16 ettins
  9 green deaths
  A minotaur (Lab)
  16 mummy priests
  14 blizzard demons (Pan)
  5 deep elf death magi
  Snorg (Orc:1)
  A crystal guardian (Vaults:4)
  11 fire dragons
  8 merfolk impalers
  5 deep elf high priests
  9 jiangshi
  4 merfolk javelineers
  18 ogre magi
  12 yaktaur captains
  3 rakshasas
  A hydra (D:15)
  4 spriggan air magi
  19 naga warriors
  2 quicksilver dragon skeletons
  2 catoblepae
  17 great orbs of eyes
  40 vault guards
  13 ice dragons
  5 hell beasts (Pan)
  14 anacondas
  An alligator snapping turtle (Shoals:3)
  8 monstrous demonspawn (Pan)
  11 centaur warriors
  62 two-headed ogres
  2 satyrs (Shoals:4)
  5 merfolk aquamancers
  6 death yaks
  A queen ant (shapeshifter) (Vaults:5)
  7 death knights
  57 death scarabs
  10 tengu warriors
  The ghost of kroki the Grappler, a novice MiCj of Nemelex Xobeh (Volcano)
  An alligator (shapeshifter) (Crypt:1)
  5 vampire magi
  5 deep troll shamans
  4 hell hogs (Abyss:5)
  8 spriggan berserkers
  5 deep troll earth magi
  24 thrashing horrors
  3 titan zombies
  4 orc high priests
  7 shock serpents
  Nergalle (Lair:2)
  2 storm dragon zombies (Crypt:2)
  13 naga sharpshooters
  34 deep elf knights
  24 soul eaters
  18 sun demons
  A fire crab (shapeshifter) (Vaults:5)
  8 hell knights
  10 wretched stars
  26 sixfirhies
  8 shadow wraiths
  6 spatial maelstroms
  4 iron trolls
  7 salamander mystics
  7 skeletal warriors
  A cherub (Pan)
  19 sea snakes
  A swamp dragon (shapeshifter) (Depths:3)
  21 deep trolls
  7 torturous demonspawn (Pan)
  A death drake (Abyss:2)
  A quicksilver dragon simulacrum (Crypt:2)
  A kraken simulacrum (Shoals:4)
  An anaconda zombie (Abyss:3)
  9 glowing orange brains
  A golden dragon zombie (Crypt:1)
  An iron giant zombie (Crypt:2)
  11 unseen horrors
  6 gelid demonspawn (Pan)
  9 infernal demonspawn (Pan)
  A swamp dragon (Abyss:5)
  7 flayed ghosts
  2 harpies (shapeshifter)
  6 naga ritualists
  A ghost moth zombie (Tomb:3)
  22 phantasmal warriors
  23 deep elf archers
  6 shadow demons (Pan)
  62 large abominations
  10 wizards
  A shadow dragon zombie (Depths:2)
  2 wolf spider zombies
  7 necromancers
  17 ironbrand convokers
  15 orc knights
  62 deep elf magi
  15 harpies
  A frost giant zombie (Depths:2)
  54 ugly things
  9 mana vipers
  8 shining eyes
  An orb spider (shapeshifter) (Depths:2)
  An oklob plant (Snake:3)
  The ghost of busta the Cruncher, a novice DsGl (D:5)
  An iron dragon skeleton (Crypt:2)
  16 salamanders
  4 elephants (Lair:6)
  12 orc sorcerers
  11 manticores
  4 worldbinders
  6 wolf spiders
  3 stone giant skeletons
  A faun (Shoals:2)
  4 cyclopes
  A dire elephant zombie (Crypt:2)
  9 guardian serpents
  10 fire giant skeletons (Crypt:3)
  30 smoke demons
  16 vault sentinels
  Maurice (D:10)
  36 black mambas
  2 rust devils
  3 centaur zombies
  3 eyes of devastation
  20 orange demons
  4 apocalypse crabs
  A dire elephant skeleton (Crypt:2)
  The ghost of Shimatora the Cleaver, a novice MiBe of Trog (D:7)
  11 water nymphs
  19 naga magi
  8 gargoyles
  A spiny frog (shapeshifter) (Elf:2)
  2 kobold demonologists
  11 spiny frogs
  7 hellions
  An emperor scorpion zombie (Crypt:2)
  2 rime drakes
  8 komodo dragons
  A komodo dragon (shapeshifter) (Vaults:3)
  6 demonic crawlers
  14 hellwings
  36 guardian mummies
  6 efreet
  5 ice devils
  A spark wasp simulacrum (Depths:2)
  6 tormentors (Pan)
  16 freezing wraiths
  9 red devils
  12 ancient zymes
  A golden dragon simulacrum (Abyss:3)
  3 tengu conjurers
  A meliai (shapeshifter) (D:15)
  36 yaktaurs
  19 merfolk
  A queen bee (shapeshifter) (Vaults:3)
  3 trolls
  14 hornets
  4 polar bears (Lair:6)
  4 harpy skeletons (Volcano)
  9 wind drakes
  2 wind drakes (shapeshifter)
  A moth of wrath zombie (Crypt:1)
  2 raiju (shapeshifter)
  4 hydra skeletons
  2 shadow dragon simulacra
  A blink frog (shapeshifter) (Vaults:4)
  2 ettin zombies
  43 raiju
  A dream sheep (Lair:6)
  7 blink frogs (Abyss:5)
  12 snapping turtles
  161 slime creatures
  13 hippogriffs
  An ice dragon zombie (Crypt:1)
  5 shadows
  15 spriggans
  9 air elementals
  A dire elephant simulacrum (Abyss:3)
  27 water elementals
  20 flying skulls
  7 fire dragon skeletons
  A spriggan (shapeshifter) (Vaults:4)
  2 ettin skeletons
  5 wyverns
  A centaur simulacrum (D:15)
  20 ynoxinuls
  A yak (shapeshifter) (Depths:4)
  11 wraiths
  3 alligator skeletons (Volcano)
  2 redbacks (Vaults:3)
  11 ushabtiu
  46 yaks
  3 fire bats
  5 fire elementals
  A basilisk (Lair:6)
  19 golden eyes
  A spriggan simulacrum (Depths:2)
  28 neqoxecs
  8 vampire mosquitoes
  A basilisk (shapeshifter) (Vaults:1)
  A golden eye (shapeshifter) (Depths:3)
  8 spatial vortices
  2 hungry ghosts
  19 chaos spawn
  6 wargs
  60 nagas
  A warg (shapeshifter) (Depths:3)
  An insubstantial wisp (Crypt:1)
  2 acid dragons
  3 floating eyes
  Duvessa (D:5)
  3 porcupines
  17 water moccasins
  A porcupine (shapeshifter) (Elf:3)
  A water nymph skeleton (Crypt:2)
  3 hell hounds (Abyss:5)
  50 orc warriors
  5 ice beasts
  A spiny frog skeleton (Crypt:2)
  3 black bears (Lair:6)
  An ettin simulacrum (Abyss:3)
  2 eyes of draining (shapeshifter)
  4 sky beasts
  A human zombie (Vaults:3)
  3 phantoms
  86 starcursed masses
  5 eyes of draining
  8 necrophages
  51 ogres
  24 wolves
  7 boggarts
  18 centaurs
  14 crocodiles
  2 human skeletons (Vaults:3)
  7 big kobolds
  20 bullfrogs
  A glowing shapeshifter simulacrum (Vaults:1)
  A fire crab zombie (Crypt:1)
  20 small abominations
  A merfolk simulacrum (Abyss:2)
  Dowan (D:5)
  2 earth elementals (Elf:1)
  A wyvern skeleton (D:13)
  9 scorpions
  6 killer bees (D:8)
  3 troll skeletons
  13 wights
  2 electric eels
  A howler monkey (D:10)
  2 spriggan skeletons (Volcano)
  9 crimson imps
  4 lava snakes (D:11)
  7 quasits
  6 hounds
  27 orc priests
  2 gnoll shamans
  5 jellies
  2 bullfrog skeletons
  2 centaur skeletons
  3 iron imps (Abyss:2)
  3 iguanas
  36 orc wizards
  A basilisk skeleton (Crypt:1)
  5 hell rats
  A worker ant (shapeshifter) (Vaults:2)
  4 merfolk avatars
  7 merfolk sirens
  7 worker ants
  A tengu skeleton (Crypt:2)
  2 hound zombies
  2 hound skeletons
  A worker ant zombie (D:5)
  41 mummies
  12 gnolls
  A howler monkey skeleton (D:5)
  22 adders
  2 river rats (Sewer)
  4 shadow imps
  7 white imps
  6 ufetubi
  5 oozes
  2 adder skeletons
  3 worms
  4 dart slugs
  4 leopard geckos
  88 orcs
  9 giant cockroaches
  8 goblins
  9 hobgoblins
  11 jackals
  7 quokkas
  5 ball pythons
  2 ball python skeletons
  21 bats
  13 frilled lizards
  A giant cockroach zombie (Crypt:2)
  A jackal zombie (D:9)
  26 kobolds
  A quokka zombie (D:9)
  30 rats
  A fire vortex (Depths:2)
  3 plants
  7 starspawn tentacles
  A withered plant (Crypt:3)
3535 creatures vanquished.

Vanquished Creatures (collateral kills)
  Dissolution (Slime:3)
  A greater mummy (Tomb:2)
  An ancient champion (Tomb:2)
  A bennu (Tomb:2)
  A mummy priest (Tomb:2)
  6 death scarabs (Tomb:3)
  A skeletal warrior (Tomb:3)
  5 guardian mummies
  An ushabti (Tomb:2)
  3 mummies (Tomb:2)
21 creatures vanquished.

Vanquished Creatures (others)
  3 ancient liches
  3 greater mummies (Tomb:3)
  Sojobo (Tomb:3)
  A lich (Tomb:2)
  A deep elf master archer (Elf:3)
  3 ancient champions
  A tengu reaver (Tomb:3)
  A fire giant (Depths:4)
  2 merfolk javelineers
  3 mummy priests
  A yaktaur captain (Depths:5)
  13 dancing weapons
  21 death scarabs
  2 naga sharpshooters
  A deep elf mage (Elf:3)
  3 yaktaurs
  10 guardian mummies
  A raiju (Abyss:5)
  5 dream sheep (D:13)
  2 flying skulls
  An ushabti (Tomb:2)
  2 fire bats (Abyss:5)
  A chaos spawn (Abyss:5)
  A neqoxec (Pan)
  A golden eye (Abyss:5)
  A naga (Snake:4)
  A boggart (Lair:6)
  A centaur (Vaults:4)
  A bullfrog (Lair:5)
  A starcursed mass (Abyss:5)
  10 mummies (Tomb:2)
  A ball lightning (Tomb:3)
  An orc (Vaults:3)
  5 fungi
  5 plants
  20 starspawn tentacles
  12 withered plants (Crypt:3)
143 creatures vanquished.

Grand Total: 3699 creatures vanquished

Notes
Turn   | Place    | Note
-------+----------+-------------------------------------------
     0 | D:1      | cortexin the Vine Stalker Gladiator began the quest for the Orb.
     0 | D:1      | Reached XP level 1. HP: 11/11 MP: 2/2
   112 | D:1      | Reached XP level 2. HP: 15/15 MP: 3/3
   576 | D:1      | Reached XP level 3. HP: 16/18 MP: 4/4
  1185 | D:2      | Found an ornate altar of the Wu Jian Council.
  1271 | D:2      | Gained mutation: Your natural rate of healing is unusually fast. [Vine Stalker growth]
  1271 | D:2      | Reached XP level 4. HP: 23/23 MP: 5/5
  1564 | D:2      | Found a radiant altar of Vehumet.
  1992 | D:3      | Found a burning altar of Makhleb.
  2016 | D:3      | Reached XP level 5. HP: 27/27 MP: 6/6
  2026 | D:3      | Found a glowing drain.
  2043 | D:3      | Reached skill level 1 in Stealth
  2105 | Sewer    | Entered a sewer
  2117 | Sewer    | Reached skill level 1 in Armour
  2206 | Sewer    | Reached skill level 1 in Maces & Flails
  2329 | Sewer    | Noticed a malarious merfolk avatar
  2360 | Sewer    | Killed a malarious merfolk avatar
  2360 | Sewer    | Reached XP level 6. HP: 22/32 MP: 7/7
  3105 | D:3      | Found an iron altar of Okawaru.
  3202 | D:4      | Found an opulent altar of Gozag.
  3210 | D:4      | Became a worshipper of Gozag Ym Sagoz the Greedy
  3408 | D:4      | Noticed a sky beast
  3416 | D:4      | Killed a sky beast
  3416 | D:4      | Reached XP level 7. HP: 24/35 MP: 8/8
  3716 | D:5      | Entered Level 5 of the Dungeon
  3731 | D:5      | Found a hide-covered altar of Uskayaw.
  3769 | D:5      | Noticed a dagger
  3770 | D:5      | Noticed a dagger
  3815 | D:5      | Noticed busta's ghost (novice DsGl)
  4270 | D:5      | Noticed Dowan
  4473 | D:5      | Gained mutation: You have razor-sharp teeth. [Vine Stalker growth]
  4473 | D:5      | Reached XP level 8. HP: 42/42 MP: 9/9
  4744 | D:6      | Found a blossoming altar of Fedhas.
  4794 | D:6      | Reached skill level 5 in Maces & Flails
  4859 | D:6      | Noticed an unseen horror
  4873 | D:6      | Killed an unseen horror
  4873 | D:6      | Reached XP level 9. HP: 25/46 MP: 7/10
  4877 | D:6      | Reached skill level 5 in Fighting
  5064 | D:6      | Found Xonenk's Assorted Antiques.
  5075 | D:6      | Bought a slimy ring mail for 234 gold pieces
  5085 | D:6      | Identified the +3 ring mail of Opaum {rElec} (You bought it in a shop on level 6 of the Dungeon)
  5144 | D:6      | Found a staircase to the Ecumenical Temple.
  5168 | D:6      | Found Neagyis's General Store.
  5202 | D:6      | Bought a potion of haste for 140 gold pieces
  5228 | D:6      | Found Quloulur's Armour Shop.
  5240 | D:6      | Bought a scarf of repulsion for 120 gold pieces
  5317 | D:6      | Found Xedeiqo's Assorted Antiques.
  5441 | D:5      | Noticed Duvessa
  5453 | D:5      | Killed Duvessa
  5513 | D:5      | Killed Dowan
  5753 | D:5      | Found a hazy altar of Hepliaklqana.
  6046 | D:5      | Killed busta's ghost
  6388 | D:7      | Reached skill level 5 in Dodging
  6482 | D:7      | Found Epaetsak's General Store.
  6559 | D:7      | Noticed Shimatora's ghost (novice MiBe)
  6564 | D:7      | Gained mutation: You are partially covered in rugged brown scales. (AC +1, +3% HP) [potion of mutation]
  6564 | D:7      | Gained mutation: Your muscles are strong. (Str +2) [potion of mutation]
  6586 | D:7      | Killed Shimatora's ghost
  6586 | D:7      | Reached skill level 5 in Armour
  6586 | D:7      | Reached XP level 10. HP: 47/54 MP: 11/11
  7226 | D:8      | Noticed a two-headed ogre
  7737 | D:8      | Killed a two-headed ogre
  7891 | D:8      | Found a sacrificial altar of Ru.
  8020 | D:9      | Found a sparkling altar of Nemelex Xobeh.
  8212 | D:9      | Noticed a two-headed ogre
  8241 | D:9      | Killed a two-headed ogre
  8241 | D:9      | Reached XP level 11. HP: 28/59 MP: 8/12
  8354 | D:9      | Found Hana's Gadget Emporium.
  8801 | D:9      | Found a staircase to the Orcish Mines.
  8850 | D:10     | Entered Level 10 of the Dungeon
  8999 | D:10     | Reached skill level 10 in Maces & Flails
  9020 | D:10     | Found a staircase to the Lair.
  9225 | D:10     | Noticed a two-headed ogre
  9262 | D:10     | Killed a two-headed ogre
  9270 | D:10     | Noticed an unseen horror
  9285 | D:10     | Killed an unseen horror
  9322 | D:10     | Lost mutation: Your muscles are strong. (Str +2) [potion of mutation]
  9322 | D:10     | Lost mutation: You are partially covered in rugged brown scales. (AC +1, +3% HP) [potion of mutation]
  9322 | D:10     | Gained mutation: Armour fits poorly on your strangely shaped body. [potion of mutation]
  9322 | D:10     | Lost mutation: Armour fits poorly on your strangely shaped body. [potion of mutation]
  9322 | D:10     | Gained mutation: You have a pair of small horns on your head. [potion of mutation]
  9552 | D:10     | Reached skill level 1 in Evocations
 10041 | D:11     | Noticed Maurice
 10065 | D:10     | Bought a potion of mutation for 112 gold pieces
 10065 | D:10     | Lost mutation: You have a pair of small horns on your head. [potion of mutation]
 10065 | D:10     | Gained mutation: You have a pair of small antennae on your head. [potion of mutation]
 10065 | D:10     | Gained mutation: You occasionally shout uncontrollably at your foes. [potion of mutation]
 10065 | D:10     | Gained mutation: You are resistant to hostile enchantments. (MR+) [potion of mutation]
 10178 | D:10     | Killed Maurice
 10496 | D:11     | Gained mutation: You heal very quickly. [Vine Stalker growth]
 10496 | D:11     | Reached XP level 12. HP: 33/65 MP: 11/13
 11146 | D:12     | Lost mutation: You have a pair of small antennae on your head. [potion of mutation]
 11146 | D:12     | Lost mutation: You occasionally shout uncontrollably at your foes. [potion of mutation]
 11146 | D:12     | Lost mutation: You are resistant to hostile enchantments. (MR+) [potion of mutation]
 11146 | D:12     | Gained mutation: You are partially covered in iridescent scales. (AC +2) [potion of mutation]
 11146 | D:12     | Gained mutation: You are dopey. (Int -2) [potion of mutation]
 11146 | D:12     | Gained mutation: Your flesh is heat resistant. (rF+) [potion of mutation]
 11146 | D:12     | Gained mutation: You are robust. (+10% HP) [potion of mutation]
 11840 | D:13     | Noticed a centaur warrior
 11851 | D:13     | Killed a centaur warrior
 12050 | Orc:1    | Entered Level 1 of the Orcish Mines
 12460 | Orc:1    | Noticed Snorg
 12494 | Orc:1    | Killed Snorg
 12668 | Orc:2    | Entered Level 2 of the Orcish Mines
 12729 | Orc:2    | Paralysed by an orc sorcerer for 6 turns
 12773 | Orc:2    | Found a frozen archway.
 12783 | IceCv    | Entered an ice cave
 12997 | Orc:2    | Paralysed by an orc sorcerer for 4 turns
 13282 | Orc:2    | Noticed a sun demon
 13349 | Orc:2    | Noticed a sun demon
 13527 | Orc:2    | Reached XP level 13. HP: 67/78 MP: 13/15
 13606 | Orc:2    | Found a staircase to the Elven Halls.
 13792 | Orc:2    | Found Megaf's Armour Emporium.
 14356 | Orc:2    | Reached skill level 10 in Fighting
 14503 | Orc:2    | Found Norhi's Distillery.
 14503 | Orc:2    | Found Naohishuac's Antique Armour Boutique.
 14503 | Orc:2    | Found Ucono's Distillery.
 14515 | Orc:2    | Paralysed by an orc sorcerer for 3 turns
 14524 | Orc:2    | Paralysed by an orc sorcerer for 3 turns
 15607 | Orc:2    | Bought a translucent chain mail for 228 gold pieces
 15619 | Orc:2    | Identified the cursed +0 chain mail "Deififoa" {MR- Regen+ rCorr} (You bought it in a shop on level 2 of the Orcish Mines)
 15647 | Orc:2    | Bought a potion of mutation for 120 gold pieces
 15762 | Orc:1    | Lost mutation: You are dopey. (Int -2) [potion of mutation]
 15762 | Orc:1    | Lost mutation: Your flesh is heat resistant. (rF+) [potion of mutation]
 15762 | Orc:1    | Lost mutation: You are partially covered in iridescent scales. (AC +2) [potion of mutation]
 15762 | Orc:1    | Lost mutation: You are robust. (+10% HP) [potion of mutation]
 15762 | Orc:1    | Gained mutation: You passively map a small area around you. [potion of mutation]
 15762 | Orc:1    | Gained mutation: Armour fits poorly on your strangely shaped body. [potion of mutation]
 15762 | Orc:1    | Gained mutation: You are somewhat resistant to further mutation. [potion of mutation]
 15784 | Orc:1    | Noticed an orc warlord
 15943 | Lair:1   | Entered Level 1 of the Lair of Beasts
 16278 | Lair:1   | You fall through a shaft!
 16300 | Lair:2   | Noticed Nergalle
 16320 | Lair:2   | Killed Nergalle
 17987 | Lair:4   | Found a labyrinth entrance.
 17998 | Lab      | Entered a labyrinth
 19012 | Lab      | Noticed a minotaur
 19039 | Lab      | Killed a minotaur
 19256 | Lair:4   | Found a staircase to the Shoals.
 19535 | Lair:4   | Found a staircase to the Snake Pit.
 20035 | Lair:5   | Found a staircase to the Slime Pits.
 20111 | Lair:5   | Noticed a fire dragon
 20177 | Lair:5   | Killed a fire dragon
 20177 | Lair:5   | Reached XP level 14. HP: 32/77 MP: 16/16
 20952 | Lair:6   | Entered Level 6 of the Lair of Beasts
 21007 | Lair:6   | Found a dark tunnel.
 21019 | Volcano  | Entered a volcano
 21032 | Volcano  | Noticed kroki's ghost (novice MiCj)
 21092 | Volcano  | Killed kroki's ghost
 21271 | Volcano  | Reached skill level 1 in Shields
 21852 | Lair:6   | Lost mutation: Armour fits poorly on your strangely shaped body. [potion of mutation]
 21852 | Lair:6   | Lost mutation: You are somewhat resistant to further mutation. [potion of mutation]
 21852 | Lair:6   | Gained mutation: Your flesh is heat resistant. (rF+) [potion of mutation]
 21852 | Lair:6   | Gained mutation: Your mind is acute. (Int +2) [potion of mutation]
 21853 | Lair:6   | Lost mutation: Your mind is acute. (Int +2) [potion of mutation]
 21853 | Lair:6   | Lost mutation: You passively map a small area around you. [potion of mutation]
 21853 | Lair:6   | Lost mutation: Your flesh is heat resistant. (rF+) [potion of mutation]
 21853 | Lair:6   | Gained mutation: You are partially covered in slimy green scales. (AC +2) [potion of mutation]
 21853 | Lair:6   | Gained mutation: You are resistant to hostile enchantments. (MR+) [potion of mutation]
 24022 | Lair:1   | Reached skill level 10 in Dodging
 24711 | D:9      | Killed an orc warlord
 24711 | D:9      | Reached XP level 15. HP: 52/84 MP: 12/17
 25055 | Orc:2    | Bought the +2 shield of Resistance {rF+ rC+ MR+} for 986 gold pieces
 25775 | D:13     | Lost mutation: You are resistant to hostile enchantments. (MR+) [potion of mutation]
 25775 | D:13     | Lost mutation: You are partially covered in slimy green scales. (AC +2) [potion of mutation]
 25775 | D:13     | Gained mutation: You have sharp fingernails. [potion of mutation]
 25775 | D:13     | Gained mutation: You are partially covered in rugged brown scales. (AC +1, +3% HP) [potion of mutation]
 25896 | D:13     | Reached skill level 5 in Shields
 26029 | D:13     | Found a gate to the Vaults.
 26253 | D:13     | Found a shimmering altar of Xom.
 27005 | D:14     | Identified a scroll of acquirement
 27075 | D:14     | Found a deep blue altar of Sif Muna.
 27595 | D:15     | Entered Level 15 of the Dungeon
 28445 | D:15     | Found a runed door.
 28969 | Shoals:1 | Entered Level 1 of the Shoals
 29014 | Shoals:1 | Noticed Roxanne
 29071 | Shoals:1 | Killed Roxanne
 29071 | Shoals:1 | Reached skill level 10 in Armour
 29072 | Shoals:1 | Identified Roxanne's Catalogue of the Rocks (You took it off Roxanne on level 1 of the Shoals)
 30064 | Shoals:2 | Reached XP level 16. HP: 92/92 MP: 18/18
 30890 | Elf:1    | Entered Level 1 of the Elven Halls
 31442 | Elf:1    | Noticed Frances
 31605 | Elf:1    | Killed Frances
 31739 | Elf:1    | Found Taenauh's Jewellery Boutique.
 31761 | Elf:1    | Bought a +4 ring of protection for 396 gold pieces
 32024 | Elf:1    | Noticed a Brimstone Fiend
 32027 | Elf:1    | Gained mutation: Scrolls take you a little longer to read. [a cacodemon]
 32339 | Elf:1    | Reached skill level 10 in Shields
 32601 | Elf:2    | Noticed Aizul
 32638 | Elf:2    | Killed Aizul
 32662 | Elf:2    | Noticed Asterion
 32686 | Elf:2    | Noticed a Brimstone Fiend
 32700 | Elf:2    | Reached XP level 17. HP: 97/97 MP: 19/19
 32707 | Elf:2    | Noticed an Executioner
 32710 | Elf:2    | Killed Asterion
 32854 | Elf:2    | Reached skill level 5 in Stealth
 33029 | Elf:2    | Noticed Louise
 33035 | Elf:2    | Killed Louise
 33306 | Elf:2    | Found a huge runed gate.
 33306 | Elf:2    | Found a huge runed gate.
 33310 | Elf:2    | Found a huge runed gate.
 33352 | Elf:3    | Entered Level 3 of the Elven Halls
 33400 | Elf:3    | Found Cudiegamn's Magic Scroll Shop.
 33409 | Elf:3    | Bought a scroll of enchant weapon for 90 gold pieces
 33409 | Elf:3    | Bought a scroll of enchant weapon for 90 gold pieces
 33409 | Elf:3    | Bought a scroll of blinking for 90 gold pieces
 33409 | Elf:3    | Bought a scroll of fear for 42 gold pieces
 33561 | Elf:3    | Found Buzischysm's Antique Weapon Shop.
 33688 | Elf:3    | Found Coqoc's Jewellery Boutique.
 33698 | Elf:3    | Bought a +3 amulet of reflection for 204 gold pieces
 33738 | Elf:3    | Noticed a deep elf master archer
 33738 | Elf:3    | Noticed a deep elf blademaster
 33776 | Elf:3    | Killed a deep elf blademaster
 33793 | Elf:3    | Killed a deep elf master archer
 33888 | Elf:3    | Got a slimy war axe
 33895 | Elf:3    | Got an ancient great sword
 33898 | Elf:3    | Identified the +8 great sword "Oforigh" {holy, rElec MR+ Int+5} (You found it on level 3 of the Elven Halls)
 33900 | Elf:3    | Identified the cursed +1 war axe of Eloisus {chop, rF++ rC- Str+3} (You found it on level 3 of the Elven Halls)
 33923 | Elf:3    | Identified Qerrown's Volume of Unholy Rites
 34018 | Elf:3    | Noticed a deep elf blademaster
 34025 | Elf:3    | Noticed a deep elf master archer
 34030 | Elf:3    | Noticed a Tzitzimitl
 34031 | Elf:3    | Reached skill level 15 in Maces & Flails
 34058 | Elf:3    | Noticed a Tzitzimitl
 34164 | Elf:2    | Killed a deep elf blademaster
 34202 | Elf:3    | Noticed an Executioner
 34348 | Elf:3    | Reached XP level 18. HP: 105/105 MP: 18/20
 34587 | Elf:3    | Got a faintly glowing scale mail
 34590 | Elf:3    | Identified the +0 scale mail "Nurirgh" {+Fly Int-4 Dex+8 Stlth+} (You took it off a deep elf high priest on level 3 of the Elven Halls)
 34614 | Elf:3    | Killed a deep elf master archer
 34882 | Elf:3    | Got a twitching tin amulet
 35073 | Elf:3    | Identified the amulet "Yluavugh" {Reflect rPois rF- Int+4 Dex+4 SH+4} (You took it off a deep elf knight on level 3 of the Elven Halls)
 36867 | Shoals:4 | Entered Level 4 of the Shoals
 36993 | Shoals:4 | Lost mutation: You are partially covered in rugged brown scales. (AC +1, +3% HP) [potion of mutation]
 36993 | Shoals:4 | Lost mutation: You have sharp fingernails. [potion of mutation]
 36993 | Shoals:4 | Lost mutation: Scrolls take you a little longer to read. [potion of mutation]
 36993 | Shoals:4 | Gained mutation: You evolve. [potion of mutation]
 36993 | Shoals:4 | Gained mutation: Your mind is acute. (Int +2) [potion of mutation]
 36993 | Shoals:4 | Gained mutation: You are partially covered in rugged brown scales. (AC +1, +3% HP) [potion of mutation]
 37090 | Shoals:4 | Noticed Ilsuiw
 37100 | Shoals:4 | Noticed Polyphemus
 37532 | Shoals:4 | Killed Polyphemus
 37572 | Shoals:4 | Gained mutation: Your muscles are strong. (Str +2) [evolution]
 37572 | Shoals:4 | Lost mutation: You evolve. [end of evolution]
 37602 | Shoals:4 | Killed Ilsuiw
 37719 | Shoals:4 | Reached skill level 1 in Long Blades
 37779 | Shoals:4 | Got a shimmering leather armour
 37780 | Shoals:4 | Identified the +0 leather armour "Kugog" {MR+} (You found it on level 4 of the Shoals)
 37883 | Shoals:4 | Got a barnacled rune of Zot
 37970 | Shoals:4 | Reached XP level 19. HP: 110/110 MP: 21/21
 38007 | Shoals:4 | Noticed dricus's ghost (adept MfBe)
 38056 | Shoals:4 | HP: 3/110 [dricus's ghost (28)]
 38056 | Shoals:4 | HP: 1/110 [dricus's ghost (2)]
 38321 | Shoals:4 | Killed dricus's ghost
 38502 | Shoals:3 | Bought the +2 cloak of the Thief {+Fog Slay-2 SInv Stlth+} for 381 gold pieces
 38618 | Snake:1  | Entered Level 1 of the Snake Pit
 38830 | Snake:1  | Reached skill level 15 in Fighting
 39948 | Snake:2  | Reached skill level 10 in Stealth
 40214 | Snake:3  | Found a white marble altar of Elyvilon.
 41315 | Snake:4  | Entered Level 4 of the Snake Pit
 41465 | Snake:4  | Found Qeobri Qocoa's Antique Weapon Shoppe.
 41645 | Snake:4  | Reached skill level 5 in Evocations
 41803 | Snake:4  | Reached XP level 20. HP: 96/117 MP: 22/24
 42790 | Snake:4  | Got a serpentine rune of Zot
 43306 | Vaults:1 | Entered Level 1 of the Vaults
 43393 | Vaults:1 | Bought a scroll of blinking for 105 gold pieces
 43393 | Vaults:1 | Bought a scroll of magic mapping for 49 gold pieces
 44313 | Vaults:1 | Reached XP level 21. HP: 120/123 MP: 27/27
 47100 | Vaults:3 | Found a staircase to the Crypt.
 47576 | Vaults:3 | Noticed Jorgrun
 47580 | Vaults:3 | Killed Jorgrun
 47580 | Vaults:3 | Reached skill level 15 in Stealth
 47580 | Vaults:3 | Reached XP level 22. HP: 130/130 MP: 29/29
 47611 | Vaults:3 | Noticed an ancient lich
 47660 | Vaults:3 | Killed an ancient lich
 48596 | Vaults:4 | Found Ofutaso's Jewellery Emporium.
 49714 | Vaults:5 | Entered Level 5 of the Vaults
 49780 | Vaults:2 | Upgraded the game from 0.20-a0-1111-g4e342e6 to 0.20-a0-1116-gaa52201
 49931 | D:15     | Noticed a golden dragon
 49931 | D:15     | an alligator snapping turtle changed into a golden dragon
 49939 | D:15     | Killed a golden dragon
 49950 | D:15     | Found a staircase to the Depths.
 50362 | Depths:1 | Entered Level 1 of the Depths
 50585 | Depths:1 | Reached XP level 23. HP: 136/136 MP: 30/30
 50640 | Depths:1 | Found Niloipp's General Store.
 50656 | Depths:1 | Bought a meat ration for 100 gold pieces
 50656 | Depths:1 | Bought a royal jelly for 40 gold pieces
 51197 | Depths:1 | Found a gateway to Hell.
 51582 | Depths:2 | Reached skill level 15 in Shields
 51818 | Depths:2 | Found a one-way gate to the infinite horrors of the Abyss.
 52212 | Depths:2 | Found a runed gate.
 52212 | Depths:2 | Found a runed gate.
 52212 | Depths:2 | Found a runed gate.
 52340 | Depths:2 | Found a runed gate.
 52340 | Depths:2 | Found a runed gate.
 52340 | Depths:2 | Found a runed gate.
 52870 | Depths:3 | Found Peisacsa's Antique Weapon Emporium.
 52872 | Depths:3 | Found Legimust's Armour Boutique.
 52959 | Depths:3 | Found Muvar's General Store.
 52965 | Depths:3 | Bought a scroll of teleportation for 45 gold pieces
 52965 | Depths:3 | Bought the +2 chain mail of Absence {Slay+2} for 448 gold pieces
 52980 | Depths:3 | Found Tuitrek's Jewellery Shoppe.
 53283 | Depths:3 | Paralysed by a floating eye for 4 turns
 53524 | Depths:3 | Reached XP level 24. HP: 133/143 MP: 30/30
 53712 | Depths:3 | Found a one-way gate leading to the halls of Pandemonium.
 53726 | Depths:3 | Gained mutation: Scrolls take you a little longer to read. [a neqoxec]
 53860 | Depths:3 | Found a gateway to a ziggurat.
 54017 | Depths:3 | Found Hiolesud's General Store.
 54026 | Depths:3 | Bought a royal jelly for 32 gold pieces
 54026 | Depths:3 | Bought a royal jelly for 32 gold pieces
 54026 | Depths:3 | Bought a scroll of identify for 32 gold pieces
 54190 | Depths:3 | Bought the ring of Robustness {AC+8} for 1280 gold pieces
 54478 | Depths:4 | Got a shimmering scale mail
 54492 | Depths:4 | Identified the +4 scale mail of Boiling Hail {-Cast rCorr Dex+4} (You found it on level 4 of the Depths)
 54541 | Depths:4 | Paralysed by a floating eye for 3 turns
 54558 | Depths:4 | Noticed a juggernaut
 54585 | Depths:4 | Killed a juggernaut
 54593 | Depths:4 | Paralysed by a floating eye for 2 turns
 54688 | Depths:4 | Identified the Handbook of Venom and the Glacier
 54938 | Depths:4 | HP: 5/144 [fire giant/bolt of fire (20)]
 55768 | Depths:5 | Entered Level 5 of the Depths
 55849 | Depths:5 | Reached XP level 25. HP: 106/149 MP: 30/30
 55922 | Depths:5 | Found a gate to the Realm of Zot.
 56095 | Depths:5 | Found a flickering gateway to a bazaar.
 56108 | Bazaar   | Entered a bazaar
 56114 | Bazaar   | Found Eschorgh's Jewellery Boutique.
 56133 | Bazaar   | Found Momus's Magic Scroll Boutique.
 56141 | Bazaar   | Bought a scroll of teleportation for 51 gold pieces
 56141 | Bazaar   | Bought a scroll of teleportation for 51 gold pieces
 56143 | Bazaar   | Found Reigoaha's General Store.
 56148 | Bazaar   | Found Uschorua's Food Emporium.
 56156 | Bazaar   | Bought a bread ration for 45 gold pieces
 56156 | Bazaar   | Bought a meat ration for 45 gold pieces
 56156 | Bazaar   | Bought a meat ration for 45 gold pieces
 56156 | Bazaar   | Bought a bread ration for 45 gold pieces
 56156 | Bazaar   | Bought a bread ration for 45 gold pieces
 56156 | Bazaar   | Bought a meat ration for 45 gold pieces
 56156 | Bazaar   | Bought a bread ration for 45 gold pieces
 56172 | Bazaar   | Bought a scroll of identify for 34 gold pieces
 56172 | Bazaar   | Bought a scroll of identify for 34 gold pieces
 56415 | Depths:5 | Noticed a juggernaut
 56435 | Depths:5 | Killed a juggernaut
 58128 | Vaults:5 | Bought a +1 pair of gloves of dexterity for 198 gold pieces
 58128 | Vaults:5 | Bought the +1 hat "Builim" {rN++ rCorr Int-5} for 259 gold pieces
 58349 | Vaults:4 | Lost mutation: Scrolls take you a little longer to read. [potion of mutation]
 58349 | Vaults:4 | Lost mutation: You are partially covered in rugged brown scales. (AC +1, +3% HP) [potion of mutation]
 58349 | Vaults:4 | Gained mutation: You are robust. (+10% HP) [potion of mutation]
 58349 | Vaults:4 | Gained mutation: You have sharp toenails. [potion of mutation]
 58510 | Vaults:4 | Reached XP level 26. HP: 118/167 MP: 30/30
 59333 | Vaults:5 | Noticed an ancient lich
 59367 | Vaults:5 | Killed an ancient lich
 60074 | Vaults:5 | Got a slimy leather armour
 60075 | Vaults:5 | Identified the +3 leather armour "Mophap" {rElec rF- MR+} (You found it on level 5 of the Vaults)
 60168 | Vaults:5 | Identified the Grimoire of Doomed Translocation
 60175 | Vaults:5 | Got a silver rune of Zot
 60184 | Vaults:5 | Identified the Almanac of the Hierophant
 60365 | Vaults:5 | Got a steaming ring mail
 60366 | Vaults:5 | Identified the +2 ring mail of the Eight Boll Weevils {rF+ MR+++ Dex+3 Stlth-} (You found it on level 5 of the Vaults)
 60787 | Crypt:1  | Entered Level 1 of the Crypt
 61186 | Depths:2 | Voluntarily entered the Abyss.
 61201 | Abyss:1  | Found a shimmering altar of Xom.
 61312 | Abyss:2  | Got a jewelled dire flail
 61313 | Abyss:2  | Identified the +8 dire flail of Wipokhla {freeze, rElec rPois rN+ Dex-3} (You found it on level 2 of the Abyss)
 61749 | Abyss:3  | Found a runed door.
 61845 | Abyss:3  | Noticed an ancient lich
 61865 | Abyss:3  | Killed an ancient lich
 61905 | Abyss:3  | Found a corrupted altar of Lugonu.
 61990 | Abyss:3  | Reached XP level 27. HP: 150/174 MP: 30/30
 62097 | Abyss:4  | Reached skill level 15 in Dodging
 62108 | Abyss:5  | Entered Level 5 of the Abyss
 62195 | Abyss:5  | Gained mutation: You expend magic power (3 MP) to strengthen your wands. [a neqoxec]
 62258 | Abyss:5  | Paralysed by accursed screaming for 1 turns
 62488 | Abyss:5  | Lost mutation: Your mind is acute. (Int +2) [a neqoxec]
 62496 | Abyss:5  | Gained mutation: Your body sometimes deteriorates upon taking damage. [a neqoxec]
 62542 | Abyss:5  | Lost mutation: You are robust. (+10% HP) [a neqoxec]
 62624 | Abyss:5  | Paralysed by accursed screaming for 2 turns
 62643 | Abyss:5  | Paralysed by accursed screaming for 2 turns
 62656 | Abyss:5  | Found a corrupted altar of Lugonu.
 62723 | Abyss:5  | Found a corrupted altar of Lugonu.
 62780 | Abyss:5  | Got an abyssal rune of Zot
 62891 | Abyss:5  | Paralysed by accursed screaming for 1 turns
 62894 | Depths:2 | Escaped the Abyss
 63286 | Slime:1  | Entered Level 1 of the Pits of Slime
 63296 | Slime:1  | Gained mutation: Armour fits poorly on your strangely shaped body. [a shining eye]
 63304 | Slime:1  | Gained mutation: You are frail. (-10% HP) [a shining eye]
 63307 | Slime:1  | Gained mutation: Your body often deteriorates upon taking damage. [a shining eye]
 63309 | Slime:1  | Gained mutation: Your mind is acute. (Int +2) [a shining eye]
 63505 | Slime:3  | Gained mutation: You are very frail. (-20% HP) [a shining eye]
 63506 | Slime:3  | Lost mutation: Your muscles are strong. (Str +2) [a shining eye]
 64382 | Slime:3  | Noticed Dissolution
 64424 | Slime:3  | Killed Dissolution
 64884 | Slime:5  | Entered Level 5 of the Pits of Slime
 65055 | Slime:5  | Noticed the Royal Jelly
 65456 | Slime:5  | Gained mutation: You are resistant to electric shocks. (rElec) [a shining eye]
 65466 | Slime:5  | Gained mutation: Scrolls take you a little longer to read. [a shining eye]
 65469 | Slime:5  | Gained mutation: You tend to lose your temper in combat. [a shining eye]
 65479 | Slime:5  | Gained mutation: Your spells are a little easier to cast, but a little less powerful. [a shining eye]
 65494 | Slime:5  | Gained mutation: Your spells are easier to cast, but less powerful. [a shining eye]
 65551 | Slime:5  | Found a viscous altar of Jiyva.
 66336 | Crypt:1  | Found a runed gate.
 66336 | Crypt:1  | Found a runed gate.
 66336 | Crypt:1  | Noticed Frederick
 66337 | Crypt:1  | Found a runed gate.
 66343 | Crypt:1  | Killed Frederick
 66773 | Depths:3 | Lost mutation: You are very frail. (-20% HP) [potion of mutation]
 66773 | Depths:3 | Lost mutation: You tend to lose your temper in combat. [potion of mutation]
 66773 | Depths:3 | Lost mutation: Your mind is acute. (Int +2) [potion of mutation]
 66773 | Depths:3 | Lost mutation: You expend magic power (3 MP) to strengthen your wands. [potion of mutation]
 66773 | Depths:3 | Gained mutation: You are resistant to hostile enchantments. (MR+) [potion of mutation]
 66774 | Depths:3 | Lost mutation: Scrolls take you a little longer to read. [potion of mutation]
 66774 | Depths:3 | Lost mutation: Armour fits poorly on your strangely shaped body. [potion of mutation]
 66774 | Depths:3 | Lost mutation: You are resistant to hostile enchantments. (MR+) [potion of mutation]
 66774 | Depths:3 | Lost mutation: Your body often deteriorates upon taking damage. [potion of mutation]
 66774 | Depths:3 | Gained mutation: Your mind is acute. (Int +2) [potion of mutation]
 66817 | Depths:3 | Bought a potion of mutation for 120 gold pieces
 66817 | Depths:3 | Lost mutation: Your body sometimes deteriorates upon taking damage. [potion of mutation]
 66817 | Depths:3 | Lost mutation: You are frail. (-10% HP) [potion of mutation]
 66817 | Depths:3 | Lost mutation: You have sharp toenails. [potion of mutation]
 66817 | Depths:3 | Gained mutation: You are clumsy. (Dex -2) [potion of mutation]
 66817 | Depths:3 | Gained mutation: You are resistant to hostile enchantments. (MR+) [potion of mutation]
 68881 | Crypt:3  | Entered Level 3 of the Crypt
 69262 | Crypt:3  | Got a shimmering glass ring
 69262 | Crypt:3  | Got a vibrating steel amulet
 69262 | Crypt:3  | Got a faintly glowing steel ring
 69263 | Crypt:3  | Identified the Incunabulum of Evil Secrets
 69267 | Crypt:3  | Identified the ring of Zeowoo {rF+ rN+ MR+ Int+3 SInv} (You found it on level 3 of the Crypt)
 69268 | Crypt:3  | Identified the ring of Nirut {rF+ rN+ Str+2} (You found it on level 3 of the Crypt)
 69269 | Crypt:3  | Identified the amulet of Fiucany {rElec rPois Regen+ Slay+6} (You found it on level 3 of the Crypt)
 69964 | Crypt:3  | Found a staircase to the Tomb.
 70084 | Crypt:3  | Found an ancient bone altar of Kikubaaqudgha.
 70092 | Crypt:3  | Noticed an ancient lich
 70101 | Crypt:3  | Killed an ancient lich
 70288 | Tomb:1   | Entered Level 1 of the Tomb of the Ancients
 70565 | Tomb:1   | Lost mutation: Your spells are easier to cast, but less powerful. [potion of mutation]
 70565 | Tomb:1   | Lost mutation: Your mind is acute. (Int +2) [potion of mutation]
 70565 | Tomb:1   | Lost mutation: You are resistant to hostile enchantments. (MR+) [potion of mutation]
 70565 | Tomb:1   | Lost mutation: You are clumsy. (Dex -2) [potion of mutation]
 70565 | Tomb:1   | Gained mutation: You have supernaturally acute eyesight. (SInv) [potion of mutation]
 70565 | Tomb:1   | Gained mutation: You are agile. (Dex +2) [potion of mutation]
 70565 | Tomb:1   | Gained mutation: Your flesh is cold resistant. (rC+) [potion of mutation]
 70565 | Tomb:1   | Gained mutation: You have a pair of small antennae on your head. [potion of mutation]
 70616 | Tomb:1   | Noticed a greater mummy
 70639 | Tomb:1   | Killed a greater mummy
 70648 | Tomb:1   | Noticed an ancient lich
 71268 | Tomb:2   | Noticed a greater mummy
 71273 | Tomb:2   | Noticed a greater mummy
 71277 | Tomb:2   | Noticed a greater mummy
 71278 | Tomb:2   | Noticed a greater mummy
 71297 | Tomb:2   | Noticed Mara
 71314 | Tomb:2   | Killed a greater mummy
 71335 | Tomb:2   | Killed a greater mummy
 71683 | Tomb:3   | Entered Level 3 of the Tomb of the Ancients
 71699 | Tomb:3   | Noticed Sojobo
 71729 | Tomb:3   | Noticed a greater mummy
 71762 | Tomb:3   | Noticed a greater mummy
 71764 | Tomb:3   | Noticed a greater mummy
 71765 | Tomb:3   | Noticed a greater mummy
 71766 | Tomb:3   | Noticed an ancient lich
 71767 | Tomb:3   | Killed Sojobo
 71768 | Tomb:3   | Killed an ancient lich
 71775 | Tomb:3   | Killed a greater mummy
 71776 | Tomb:3   | Noticed a greater mummy
 71778 | Tomb:3   | Banished a greater mummy
 71788 | Tomb:3   | Noticed a greater mummy
 72057 | Tomb:3   | Noticed a greater mummy
 72088 | Tomb:2   | Killed a greater mummy
 72575 | Tomb:3   | Killed a greater mummy
 72594 | Tomb:3   | Got a faintly humming leather armour
 72595 | Tomb:3   | Identified the +3 leather armour of Contentment {+Fly MR+} (You found it on level 3 of the Tomb of the Ancients)
 72657 | Tomb:3   | Killed a greater mummy
 72833 | Tomb:3   | Identified the Grimoire of Feathery Orientation
 72837 | Tomb:3   | Got a warped plate armour
 72838 | Tomb:3   | Identified the +3 plate armour "Plog" {MR+ Int+3} (You found it on level 3 of the Tomb of the Ancients)
 72924 | Tomb:3   | Got a shimmering leather armour
 72925 | Tomb:3   | Identified the cursed +0 leather armour of Usuot {rF+ rCorr} (You found it on level 3 of the Tomb of the Ancients)
 72931 | Tomb:3   | Got a steaming dagger
 72932 | Tomb:3   | Identified the +8 dagger of Cheese {drain, MP+9} (You found it on level 3 of the Tomb of the Ancients)
 72956 | Tomb:3   | Killed a greater mummy
 73225 | Tomb:3   | Got a golden rune of Zot
 73735 | Tomb:1   | Killed an ancient lich
 74331 | Depths:2 | Voluntarily entered the Abyss.
 74342 | Abyss:1  | Paralysed by accursed screaming for 1 turns
 74352 | Abyss:1  | Paralysed by accursed screaming for 2 turns
 74362 | Abyss:1  | Paralysed by accursed screaming for 2 turns
 74377 | Abyss:1  | Paralysed by accursed screaming for 2 turns
 74392 | Abyss:1  | Paralysed by accursed screaming for 1 turns
 74396 | Abyss:1  | Reached skill level 15 in Armour
 74877 | Abyss:1  | Found an ornate altar of the Wu Jian Council.
 75016 | Abyss:2  | Found a shimmering altar of Xom.
 75016 | Abyss:2  | Found a corrupted altar of Lugonu.
 75185 | Abyss:2  | Got a smoking plate armour
 75186 | Abyss:2  | Identified the cursed +0 plate armour of the Camelopard {rF+} (You found it on level 2 of the Abyss)
 75968 | Abyss:5  | Entered Level 5 of the Abyss
 76067 | Abyss:5  | Paralysed by accursed screaming for 1 turns
 76249 | Abyss:5  | Paralysed by accursed screaming for 1 turns
 76249 | Abyss:5  | Gained mutation: Your flesh is very cold resistant. (rC++) [a neqoxec]
 76262 | Depths:2 | Escaped the Abyss
 76308 | Pan      | Entered Pandemonium
 76363 | Pan      | Found an exit through the horrors of the Abyss.
 76440 | Pan      | Noticed Anuzyevico the pandemonium lord
 76470 | Pan      | Killed Anuzyevico the pandemonium lord
 76970 | Pan      | Found an exit through the horrors of the Abyss.
 77064 | Pan      | Noticed Memioh the pandemonium lord
 77135 | Pan      | Killed Memioh the pandemonium lord
 77568 | Pan      | Found an exit through the horrors of the Abyss.
 77862 | Pan      | Got a faintly humming ring mail
 77863 | Pan      | Identified the +4 ring mail of Ximuo {Regen+ Str-5 Dex+2} (You found it in Pandemonium)
 77999 | Pan      | Found an exit through the horrors of the Abyss.
 78389 | Pan      | Found an exit through the horrors of the Abyss.
 78587 | Pan      | Lost mutation: Your spells are a little easier to cast, but a little less powerful. [potion of mutation]
 78587 | Pan      | Lost mutation: You have a pair of small antennae on your head. [potion of mutation]
 78587 | Pan      | Lost mutation: You have supernaturally acute eyesight. (SInv) [potion of mutation]
 78587 | Pan      | Lost mutation: Your flesh is very cold resistant. (rC++) [potion of mutation]
 78587 | Pan      | Lost mutation: You are resistant to electric shocks. (rElec) [potion of mutation]
 78587 | Pan      | Lost mutation: You are agile. (Dex +2) [potion of mutation]
 78587 | Pan      | Gained mutation: You are agile. (Dex +2) [potion of mutation]
 78587 | Pan      | Gained mutation: You are weak. (Str -2) [potion of mutation]
 78587 | Pan      | Lost mutation: You are weak. (Str -2) [potion of mutation]
 78795 | Pan      | Found an exit through the horrors of the Abyss.
 79015 | Pan      | Noticed Bitiecun the pandemonium lord
 79030 | Pan      | Killed Bitiecun the pandemonium lord
 79536 | Pan      | Found an exit through the horrors of the Abyss.
 80133 | Pan      | Noticed Mennas
 80138 | Pan      | Found a runed door.
 80192 | Pan      | Killed Mennas
 80198 | Pan      | Found a runed door.
 80277 | Pan      | Found a runed door.
 80297 | Pan      | Found a runed door.
 80297 | Pan      | Noticed Zeiryt the pandemonium lord
 80433 | Pan      | Noticed Gaqauduch the pandemonium lord
 80439 | Pan      | Entered the realm of Mnoleg.
 80442 | Pan      | Noticed Mnoleg
 80504 | Pan      | Lost mutation: You are agile. (Dex +2) [Mnoleg's mutagenic touch]
 80527 | Pan      | Killed Mnoleg
 80529 | Pan      | Gained mutation: Scrolls take you a little longer to read. [a cacodemon]
 80539 | Pan      | Gained mutation: You occasionally shout uncontrollably at your foes. [a cacodemon]
 80705 | Pan      | Got a glowing rune of Zot
 80714 | Pan      | Gained mutation: You are clumsy. (Dex -2) [a neqoxec]
 80957 | Pan      | Found an exit through the horrors of the Abyss.
 80988 | Pan      | Gained mutation: You expend magic power (3 MP) to strengthen your wands. [a cacodemon]
 81061 | Pan      | Gained mutation: You sometimes yell uncontrollably at your foes. [a neqoxec]
 81296 | Pan      | Found a runed door.
 81794 | Pan      | Gained mutation: Scrolls take you longer to read. [a cacodemon]
 81994 | Pan      | Noticed Uvur the pandemonium lord
 82011 | Pan      | Killed Uvur the pandemonium lord
 82062 | Pan      | Found an exit through the horrors of the Abyss.
 82697 | Pan      | Noticed Anka the pandemonium lord
 82801 | Pan      | Found an exit through the horrors of the Abyss.
 82930 | Pan      | Found an exit through the horrors of the Abyss.
 83030 | Pan      | Found an exit through the horrors of the Abyss.
 83168 | Pan      | Lost intelligence.
 83287 | Pan      | Found an exit through the horrors of the Abyss.
 83306 | Pan      | Noticed Nim Sum the pandemonium lord
 83315 | Pan      | Lost intelligence.
 83342 | Pan      | Killed Nim Sum the pandemonium lord
 83375 | Pan      | Lost intelligence.
 83376 | Pan      | Killed from afar by a gelid black sun

Vault maps used:
D:1:      elethiomel_arrival_infinity_welcomes_careful_drivers,
          minmay_misc_feat_more_columns
D:2:      nicolae_overflow_crystal_walls, lemuel_round_altar
D:3:      bloody_makhleb, first_bread, portal_sewer_entry_d,
          okawaru_altar_gauntlet_db
D:4:      nicolae_gozag_seed_capital, hex_tiny, serial_bayou_ford_a
D:5:      wad_river_or_something, dancing_weapons_uskayaw, lemuel_doored_altar,
          st_stairs_2, uniq_duvessa
D:6:      minmay_temple_entry_large_hall, serial_shops, shop_fountains, shop,
          nicolae_shop_trees, shop_statue, fedhas_altar_3
D:7:      serial_shops, shop_fountains
D:8:      nicolae_ru_path_of_blood
D:9:      nemelex_xobeh_ov_fountains_minmay, orc_0_dummy, serial_shops, shop,
          serial_undead, serial_undead_a, serial_undead_a, serial_undead_f,
          serial_undead_c
D:10:     lair_entry_dummy, blue_anna_alchemist, hangedman_corner_corridor
D:11:     uniq_maurice
D:13:     minmay_goldmine, david_vaults_1, kb_xom_exploding_sheep
D:14:     basic_altar
D:15:     gammafunk_enter_depths_forms, serial_park_tiny_2, wad_hexagon
Lair:1:   serial_bayou_lake_a
Lair:2:   uniq_nergalle
Lair:3:   roderic_batcave, grunt_megastairs_2, lemuel_fruit_tree
Lair:4:   shoals_dummy_entry, minmay_snake_entry_guardpost_small,
          lab_entry_generic
Lair:5:   dragon1_lemuel, nicolae_slime_entry_slimehenge
Lair:6:   minmay_lair_end_enchanted_forest, nicolae_volcano_entry_two_sided,
          serial_bayou_shore_a
Shoals:1: uniq_roxanne
Shoals:2: nicolae_shoals_water_shrine
Shoals:4: shoals_end_grunt_ice, shoal_ilsuiw, uniq_polyphemus
Snake:1:  hangedman_cross_stitches
Snake:3:  minmay_snake_river, lemuel_oklob_altar
Snake:4:  grunt_snake_rune_pools, serial_shops, nicolae_shop_trees
Slime:3:  uniq_dissolution
Orc:1:    uniq_snorg
Orc:2:    st_orc_elflike, portal_ice_cave_entry_pillars_2
Elf:1:    minmay_elf_arrival_summoners, serial_shops, nicolae_shop_statue_plus,
          orc_legates, uniq_frances
Elf:2:    uniq_aizul, uniq_louise, uniq_donald, uniq_asterion
Elf:3:    grunt_elf_hall_branching, serial_shops, nicolae_shop_stone,
          nicolae_shop_crystal, nicolae_shop_crystal
Vaults:1: vaults_dpeg_encased_lava, hangedman_vaults_maws, hangedman_vaults_hat,
          nicolae_vaults_network_quincunx, v_pattern_4, v_misc_22,
          ontoclasm_vaults_ring_square, v_misc_9, st_check,
          ontoclasm_vaults_decontamination
Vaults:2: grunt_vaults_hallway_short, grunt_vaults_hallway_long,
          nicolae_vaults_mini_display_case, v_pattern_2, vaults_room_hallway,
          v_misc_2, vaults_dpeg_ring, ontoclasm_vaults_spin
Vaults:3: dpeg_vaults_monster_box, blue_anna_dwarven_crypt, v_alt_pattern_3,
          hangedman_vaults_stagger, v_misc_3, hangedman_vaults_nails,
          dpeg_vaults_monster_row, vaults_room_grid,
          nicolae_vaults_windows_and_doors_thing, st_star, nicolae_vaults_theta,
          vaults_dpeg_hooks, uniq_jorgrun
Vaults:4: vaults_mumra_bighexcomb, v_alt_pattern_3, ontoclasm_vaults_tryst,
          vaults_room_grunt_arrival_checkpoint, nicolae_vaults_what_the_h,
          vaults_room_hallway, ontoclasm_vaults_twist,
          nicolae_vaults_ninety_degrees, vaults_room_door_ring,
          hangedman_vaults_snaps, vaults_dpeg_cross, serial_shops,
          nicolae_shop_stone
Crypt:1:  pandoras_box_mu, uniq_frederick
Crypt:3:  quadcrypt_mu
Tomb:2:   uniq_mara
Tomb:3:   uniq_sojobo
Depths:1: lightli_too_deep, serial_shops, shop, serial_sigils_hangedman_shear,
          kennysheep_decorative_pillar, kennysheep_generic_room_11
Depths:2: kennysheep_treasure_stockpile, hell_entry, abyss_entry,
          nrook_pool_corridor
Depths:3: minmay_containers, enter_ziggurat_e, abyss_entry,
          grunt_pan_entry_spiral, hell_entry, serial_shops, shop_statue,
          nicolae_shop_crystal, shop, shop, nicolae_shop_trees
Depths:4: hangedman_arch_fort, abyss_entry_small_statue_room, hell_entry
Depths:5: grunt_zot_entry_gee_three, minivault_14, hell_entry, serial_shops,
          bzr_entry_islet, moated_statue
Abyss:1:  evilmike_abyss_exit_chaos
Abyss:2:  evilmike_abyss_exit_9
Abyss:3:  minivault_13
Abyss:4:  hangedman_abyss_rune_flesh_and_stone, hangedman_abyss_or_decor_passed
Abyss:5:  evilmike_abyss_exit_12, dshaligram_kb_abyss_rune_zappy_water_cross,
          hangedman_abyss_stitches_cave, evilmike_abyss_exit_glass
Pan:      rand_demon_8, evilmike_mini_pan_branches, rand_demon_4,
          pan_blood_fountain_2, nicolae_pan_sigil_nadil,
          nicolae_pan_mnolegish_4, rand_demon_3, rand_demon_3,
          pan_blood_fountain, evilmike_mini_pan_other_thingy,
          evilmike_mini_pan_T, lemuel_hall_of_pain, grunt_pan_pentagram,
          nicolae_pan_hourglass, rand_demon_7, evilmike_mini_pan_rooms,
          evilmike_mini_pan_diamond, grunt_pan_spiral, uniq_mennas_pan,
          rand_demon_9, grunt_pan_sceptre, evilmike_mini_pan_T,
          evilmike_mini_pan_pillars_b, rand_demon_4, evilmike_mini_pan_corridor,
          nicolae_pan_sick_transit, rand_demon_7, uniq_mennas_pan,
          pan_blood_fountain, evilmike_mini_pan_T, evilmike_mini_pan_corner,
          mnoleg_grunt, rand_demon_7, grunt_pan_frozen_over,
          nicolae_pan_gloorx_vloqian_1, grunt_pan_in_and_out, rand_demon_1,
          pan_blood_fountain, nicolae_pan_diamonds, pan_blood_fountain,
          grunt_pan_sceptre, pan_blood_fountain_small, rand_demon_9,
          grunt_pan_zigzag, nicolae_pan_strange_glyphs,
          nicolae_pan_cerebovesque_1, evilmike_mini_pan_doors,
          reaverb_pan_squares, nicolae_pan_strange_glyphs
Lab:      labyrinth_mini_lab
Bazaar:   bazaar_kb_twisted_cavern
Sewer:    sewer_sea
IceCv:    ice_cave_tombish
Volcano:  volcano_tomb

Skill      XL: |  1  2  3  4  5  6  7  8  9 10 11 12 13 14 15 16 17 18 19 20 21 22 23 24 25 26 27 |
---------------+----------------------------------------------------------------------------------+-----
Staves         | 3 |  3.7
Fighting       | 2 3 4 6 7 8 9 10 12 13 14 15 16 17 18 19 20 21 26 | 26.5
Dodging        | 3 4 5 6 7 9 10 11 12 13 14 16 | 16.9
Stealth        | 1 4 6 8 11 12 15 16 17 18 19 20 26 | 26.6
Armour         | 1 2 3 5 6 7 8 9 10 11 12 13 16 | 16.1
Maces & Flails | 1 3 4 5 7 9 10 11 12 13 14 15 16 17 18 19 22 | 22.5
Throwing       | 2 |  2.1
Evocations     | 1 5 7 8 |  8.2
Shields        | 4 7 10 11 13 14 15 | 15.8
Long Blades    | 1 2 |  2.4

Action                   |  1- 3 |  4- 6 |  7- 9 | 10-12 | 13-15 | 16-18 | 19-21 | 22-24 | 25-27 || total
-------------------------+-------+-------+-------+-------+-------+-------+-------+-------+-------++-------
Melee: Quarterstaff      |    70 |       |       |       |       |       |       |       |       ||    70
       Bite              |    24 |    73 |   174 |   456 |  1183 |   623 |  1032 |  1116 |  3479 ||  8160
       Dagger            |    16 |    16 |       |       |       |       |       |       |       ||    32
       Whip              |       |   226 |   384 |  1043 |  1984 |       |       |       |       ||  3637
       Headbutt          |       |       |       |    21 |       |       |       |       |       ||    21
       Lajatang          |       |       |       |       |     5 |       |       |       |       ||     5
       Demon whip        |       |       |       |       |   391 |  1417 |  1860 |  1740 |  5397 || 10805
Throw: Throwing net      |       |       |     3 |     3 |       |       |       |       |       ||     6
Invok: Potion Petition   |       |       |     1 |     1 |     1 |     2 |     1 |     4 |    14 ||    24
       Call Merchant     |       |       |       |     1 |     2 |     2 |     1 |     1 |     4 ||    11
       Bribe Branch      |       |       |       |       |       |       |       |       |     2 ||     2
 Abil: Evoke Fog         |       |       |       |       |       |       |     3 |       |     2 ||     5
Evoke: Wand              |       |       |     1 |     3 |     3 |     2 |       |       |     4 ||    13
       Lightning rod     |       |       |       |     3 |     4 |     1 |       |       |     2 ||    10
  Use: Scroll            |       |     6 |     8 |     9 |    28 |    22 |     5 |    13 |    37 ||   128
       Potion            |       |     2 |     2 |     6 |    11 |     5 |     6 |     2 |    15 ||    49
 Stab: Distracted        |     1 |     2 |     2 |     2 |    17 |     8 |    15 |    32 |   146 ||   225
       Sleeping          |       |     4 |     4 |     4 |       |    20 |    71 |    54 |    58 ||   215
       Held in net/web   |       |       |     3 |     3 |       |       |       |       |       ||     6
       Invisible         |       |       |       |    18 |       |       |       |       |     4 ||    22
       Petrifying        |       |       |       |       |       |     1 |       |       |       ||     1
       Confused          |       |       |       |       |       |       |       |     3 |       ||     3
       Paralysed         |       |       |       |       |       |       |       |       |     1 ||     1
  Eat: Chunk             |     1 |     7 |       |       |       |       |       |       |       ||     8
       Bread ration      |       |       |     3 |     5 |     5 |       |     1 |     4 |    16 ||    34
       Meat ration       |       |       |       |     1 |     6 |     5 |     6 |     2 |     4 ||    24
       Royal jelly       |       |       |       |       |       |       |       |       |     1 ||     1
Armor: Leather armour    |    45 |    58 |    25 |       |       |       |       |       |       ||   128
       Ring mail         |       |       |    43 |   235 |   335 |   209 |   177 |    94 |       ||  1093
       Fire dragon scale |       |       |       |       |    59 |       |       |       |       ||    59
       Chain mail        |       |       |       |       |       |       |       |   140 |  1060 ||  1200
Dodge: Dodged            |    88 |   162 |   188 |   556 |  1077 |   364 |   520 |   460 |  1927 ||  5342
       Deflected         |       |       |     1 |    19 |     6 |       |       |       |       ||    26
Block: Shield            |       |       |       |       |   249 |   584 |  1145 |  1005 |  3368 ||  6351
       Reflection        |       |       |       |       |       |    46 |   102 |    68 |    45 ||   261
